 Dungeon Sprint DCSS version 0.29.1-2-gbd0b4ee654 (webtiles) character file.

Game seed: 17135818792446448541

288 Groucho the Covert (level 6, -3/44 HPs)
             Began as an Octopode Transmuter on Nov 22, 2022.
             Was an Initiate of Dithmenos.
             Slain by a troll (11 damage)
             ... in the Dungeon (Sprint IX: "|||||||||||||||||||||||||||||").
             The game lasted 00:02:13 (671 turns).

Groucho the Covert (Octopode Transmuter)             Turns: 671, Time: 00:02:15

Health: -3/44      AC:  1    Str: 12    XL:     6   Next: 31%
Magic:  7/12       EV: 17    Int: 15    God:    Dithmenos [......]
Gold:   0          SH:  0    Dex: 15    Spells: 12/13 levels left

rFire   . . .      SeeInvis .   h - +0 dagger (vamp)
rCold   . . .      Faith    .   (no shield)
rNeg    . . .      Spirit   .   (helmet currently unavailable)
rPois   .          Reflect  .   (no amulet)
rElec   .          Harm     .   m - +3 ring of dexterity
rCorr   .          Rampage  .   n - +2 ring of evasion
Will    .....      NoTele   +   (no ring)
Stlth   +++++.....              (no ring)
HPRegen 0.14/turn               (no ring)
MPRegen 0.13/turn               (no ring)
                                (no ring)
                                (no ring)

@: appendages, hasted, invisible, very quick
A: tentacle spike 3, almost no armour, amphibious, 8 rings, camouflage 1,
gelatinous body 1, (nimble swimmer 1), tentacles
a: End Transformation, Renounce Religion


You were in the Dungeon.
You worshipped Dithmenos.
Dithmenos was noncommittal.
One of your tentacles had grown a beastly spike.
You visited 1 branch

Inventory:

Hand Weapons
 h - a +0 vampiric dagger (weapon)
 l - a +2 rapier of protection
Jewellery
 m - a +3 ring of dexterity (left tentacle)
 n - a +2 ring of evasion (right tentacle)
Wands
 k - a wand of acid (10)
Scrolls
 g - 2 scrolls of blinking
 j - 2 scrolls of amnesia
Potions
 a - a potion of lignification
 b - 5 potions of curing
 c - 2 potions of heal wounds
 e - 4 potions of magic
 f - a potion of berserk rage


   Skills:
 + Level 4.4 Fighting
 + Level 4.8 Dodging
 * Level 9.0 Stealth
 + Level 5.3 Unarmed Combat
 + Level 4.4 Spellcasting
 * Level 6.8 Transmutations


You had 12 spell levels left.
You knew the following spells:

 Your Spells              Type           Power      Damage    Failure   Level
a - Beastly Appendage     Tmut           46%        N/A       1%          1

Your spell library contained the following spells:

 Spells                   Type           Power      Damage    Failure   Level
 Wereblood                Tmut           23%        N/A       1%          2
 Spider Form              Tmut/Pois      13%        N/A       13%         3
 Ice Form                 Ice/Tmut       13%        N/A       38%         4


Dungeon Overview and Level Annotations

Branches:
Dungeon (1/1)

Altars:
Cheibriados
Dithmenos
Elyvilon
Fedhas
Gozag
Hepliaklqana
Kikubaaqudgha
Makhleb
Nemelex Xobeh
Okawaru
Qazlal
Ru
Sif Muna
Trog
Uskayaw
Vehumet
Wu Jian
Xom
Yredelemnul
Zin
The Shining One
Jiyva
Lugonu


Innate Abilities, Weirdness & Mutations

One of your tentacles has grown a beastly spike.
You cannot wear most types of armour.
You are amphibious.
You can wear up to eight rings at the same time.
Your skin changes colour to match your surroundings (Stealth+).
Your rubbery body absorbs attacks. (AC +1, EV +1)
((You are camouflaged when in or above water. (Stealth+)))
You have tentacles for arms and can constrict up to eight enemies at once.


Message History

You catch the helpless troll completely off-guard!
You puncture the troll!
The troll is severely wounded.
The yak bellows!
The troll bites you! The troll barely misses you. The troll claws you.
The centaur shouts!
The troll shouts!
You hit the troll but do no damage. You squeeze the troll.
The troll is almost dead.
The centaur wields a +0 shortbow.
The centaur shoots an arrow.
The arrow hits the troll!
You strike the helpless troll from behind!
You puncture the troll!
You feel better.
You kill the troll!
Dithmenos accepts your kill.
Your Fighting skill gained 2 levels and is now at level 4!
Your Dodging skill increases to level 4!
Your Stealth skill gained 4 levels and is now at level 9!
Your Unarmed Combat skill increases to level 5!
Your Spellcasting skill increases to level 4!
Your Transmutations skill gained 2 levels and is now at level 6!
You have reached level 5!
You feel stronger.
You have reached level 6!
The centaur shoots an arrow.
The arrow closely misses the troll.
The arrow hits you! The troll closely misses you. The troll barely misses you.
The troll claws you.
You are too injured to fight recklessly!
You feel much better.
The wyvern hisses angrily.
The yak bellows!
You closely miss the troll.
The troll is moderately wounded.
The troll closely misses you. The troll claws you. The troll claws you!
The wyvern hisses angrily.
You hit the troll but do no damage.
You pierce the troll, but do no damage.
The troll is lightly wounded.
The centaur shoots an arrow.
The arrow barely misses the troll.
The arrow hits you!
* * * LOW HITPOINT WARNING * * *
The troll barely misses you. The troll closely misses you. The troll claws you!
You die... ▓▓▓▓▓▓▓▓▓▓▓▓▓▓▓▓▓▓▓▓▓▓▓ +YlWcT@'..[[[.)..'_____ ▓▓▓▓▓▓▓▓▓▓▓▓▓▓▓▓▓▓▓▓▓▓▓

You could see a yak (wandering, unable to see you), a troll (wandering, unable to see you), a wraith, a wyvern (wandering, unable to see you) and a centaur (unable to see you).

Vanquished Creatures
  A troll (D)
  A jelly (D)
  An orc wizard (D)
  3 orcs (D)
  2 ball pythons (D)
  A quokka (D)
  A frilled lizard (D)
  A kobold (D)
11 creatures vanquished.

Notes
Turn   | Place    | Note
-------+----------+-------------------------------------------
     0 | D        | Groucho the Octopode Transmuter began the quest for the
                  | Orb.
     0 | D        | Reached XP level 1. HP: 13/13 MP: 3/3
     9 | D        | Reached skill level 1 in Stealth
    15 | D        | Reached skill level 2 in Stealth
   278 | D        | Noticed a jelly
   278 | D        | Noticed an orc wizard
   283 | D        | Reached XP level 2. HP: 15/18 MP: 3/5
   287 | D        | Reached skill level 4 in Stealth
   287 | D        | Reached XP level 3. HP: 21/24 MP: 4/7
   292 | D        | Reached skill level 5 in Stealth
   292 | D        | Reached XP level 4. HP: 21/30 MP: 5/8
   577 | D        | Found a snail-covered altar of Cheibriados.
   577 | D        | Found a shadowy altar of Dithmenos.
   577 | D        | Found a white marble altar of Elyvilon.
   577 | D        | Found a blossoming altar of Fedhas.
   577 | D        | Found an opulent altar of Gozag.
   578 | D        | Found a hazy altar of Hepliaklqana.
   579 | D        | Found a viscous altar of Jiyva.
   580 | D        | Found an ancient bone altar of Kikubaaqudgha.
   581 | D        | Found a corrupted altar of Lugonu.
   582 | D        | Found a burning altar of Makhleb.
   583 | D        | Found a sparkling altar of Nemelex Xobeh.
   584 | D        | Found an iron altar of Okawaru.
   585 | D        | Found a stormy altar of Qazlal.
   586 | D        | Found a sacrificial altar of Ru.
   587 | D        | Found a shimmering blue altar of Sif Muna.
   588 | D        | Found a bloodstained altar of Trog.
   589 | D        | Found a hide-covered altar of Uskayaw.
   590 | D        | Found a radiant altar of Vehumet.
   591 | D        | Found an ornate altar of the Wu Jian Council.
   592 | D        | Found a shimmering altar of Xom.
   593 | D        | Found a basalt altar of Yredelemnul.
   594 | D        | Found a glowing silver altar of Zin.
   595 | D        | Found a glowing golden altar of the Shining One.
   618 | D        | Became a worshipper of Dithmenos the Shadowed
   662 | D        | Noticed a yak
   662 | D        | Noticed a wyvern
   662 | D        | Noticed a wraith
   662 | D        | Noticed a centaur
   662 | D        | Noticed a troll
   662 | D        | Noticed a troll
   667 | D        | Killed a troll
   668 | D        | Reached skill level 9 in Stealth
   668 | D        | Reached skill level 5 in Unarmed Combat
   668 | D        | Reached XP level 5. HP: 30/38 MP: 7/11
   668 | D        | Reached XP level 6. HP: 35/44 MP: 7/12
   671 | D        | Slain by a troll

Illustrated notes

Levels and vault maps discovered:
D:        linesprint [early_d, line_temple, items_1, d_10, items_2, lair_1,
          lair_end, items_3, orc_1, orc_end, items_4, d_15, swamp_1, shoals_1,
          snake_1, spider_1, d_20, vaults_1, items_5, swamp_end, shoals_end,
          snake_end, spider_end, vaults_end, d_27, items_6, zot_1, zot_end,
          crypt_end, forest_end, elf_end, slime_end, tomb_end, abyss_end,
          pan_hell_end]

Skill      XL: |  1  2  3  4 |
---------------+-------------+-----
Stealth        | 2 4 5 9 |  9.0
Fighting       | 2 4 |  4.4
Transmutations | 3 4 6 |  6.8
Dodging        | 3 4 |  4.8
Unarmed Combat | 4 5 |  5.3
Spellcasting   | 3 4 |  4.4

Action                   |  1- 3 |  4- 6 || total
-------------------------+-------+-------++-------
Melee: Unarmed           |     9 |       ||     9
       Constrict         |     6 |     1 ||     7
       Dagger            |    12 |     8 ||    20
       Kick              |     7 |     1 ||     8
       Tentacles         |     6 |     1 ||     7
       Punch             |     2 |       ||     2
 Cast: Beastly Appendage |     2 |     1 ||     3
  Use: Potion            |       |     3 ||     3
 Stab: Invisible         |       |     2 ||     2
       Sleeping          |       |     1 ||     1
Dodge: Dodged            |    15 |     6 ||    21
